Construct Light Support Kompanie
Selects Registered Artillery
Selects Registered Artillery
Selects Towed Cannone da 105/28 Field Howitzer
Towed Cannone da 105/28 Field Howitzer
Selects Defensive Operations
Towed Cannone da 105/28 Field Howitzer
Construct Panzerarmee Kommand
Flak 36 Anti-tank Gun Team
Selects Territory Booby Traps
Towed Cannone da 105/28 Field Howitzer
Flak 36 Anti-tank Gun Team
Kradschützen Motorcycle Team